Map: Moonlight Madness LE (Void)

Players

wabbajack

  • Race: Zerg Zerg
  • League: Gold

IIIIIIIIIIII - Winner!

  • Race: Protoss Protoss
  • League: Grandmaster

VOD

Have the link to the VOD?

Description

Time

  • Played on: July 19, 2015, 8:30 p.m.
  • Length: 9:31
Show
View Real Time Build Order
Export as new Build Order

wabbajack Zerg 

Build Orders: Pool First 

Get SALT Encoding   

  12  0:01  Drone  
  13  0:13  Drone  
  14  0:16  Extractor  
  14  0:17  Drone  
  14  0:34  Spawning Pool  
  13  0:42  Drone  
  14  0:46  Overlord  
  14  0:54  Drone, Extractor  
  15  1:04  Drone  
  15  1:05  Drone  
  17  1:21  Metabolic Boost  
  17  1:25  Queen  
  19  1:33  Overlord  
  19  1:41  Zergling x2  
  19  1:42  Zergling x2  
  21  1:47  Zergling x2  
  22  1:58  Zergling x2  
  23  2:12  Drone  
  24  2:19  Hatchery  
  24  2:22  Zergling x2  
  24  2:38  Overlord, Queen  
  26  2:57  Drone  
  26  2:58  Drone x3  
  26  3:46  Spore Crawler  
  26  3:47  Spine Crawler  
  24  3:50  Spine Crawler  
  24  3:52  Spore Crawler, Spine Crawler  
  20  3:59  Roach Warren  
  19  4:03  Queen  
  19  4:05  Zergling x14  
  28  4:15  Baneling Nest  
  26  4:52  Roach  
  27  4:53  Roach x4  
  27  4:55  Overlord  
  34  5:22  Queen  
  26  6:01  Drone  
  26  6:02  Drone x4  
  31  6:07  Drone x3  
  34  6:33  Pneumatized Carapace  
  34  6:36  Lair  
  34  6:43  Drone  
  34  6:44  Drone x2  
  37  7:19  Zergling x8  
  37  7:20  Zergling x10  
  29  8:08  Drone, Hydralisk Den  
  29  8:09  Drone x10, Spine Crawler  
  29  8:12  Overlord x4, Extractor  
  35  8:13  Extractor  
  34  8:40  Drone x2  
  34  8:41  Drone x3, Extractor  
  36  8:42  Drone  
  36  8:43  Drone x3  
  36  8:44  Drone x3  
  36  8:47  Overlord  
  45  8:56  Overlord  
  45  8:57  Overlord x2  
Show
View Real Time Build Order
Export as new Build Order

IIIIIIIIIIII Protoss - Winner!

Build Orders: Blink Stalkers 

Get SALT Encoding   

  12  0:01  Probe  
  13  0:13  Pylon  
  13  0:18  Probe  
  14  0:31  Probe  
  14  0:34  Gateway  
  15  0:43  Probe  
  16  0:51  Assimilator  
  16  0:55  Probe  
  17  1:03  Pylon  
  17  1:07  Probe  
  18  1:19  Probe  
  18  1:21  Cybernetics Core  
  19  1:27  Assimilator  
  19  1:32  Probe, Pylon  
  20  1:44  Probe  
  21  1:53  Gateway  
  21  1:56  Probe  
  21  1:57  Twilight Council  
  22  2:05  Warp Gate (Chrono Boost)  
  22  2:13  Zealot  
  24  2:21  Gateway  
  26  2:30  Mothership Core  
  26  2:49  Blink (Chrono Boost)  
  26  2:55  Zealot x2  
  28  3:50  Pylon x2  
  28  3:54  Pylon  
  28  4:00  Pylon  
  28  4:14  Adept x3  
  34  4:24  Pylon  
  34  4:34  Adept x2  
  34  4:35  Adept  
  34  5:26  Zealot  
  34  5:27  Zealot x2  
  27  5:51  Probe  
  28  5:59  Adept x3  
  28  6:03  Probe  
  35  6:15  Probe  
  35  6:35  Stalker x3  
  35  6:38  Probe  
  42  6:50  Probe  
  43  6:58  Stalker x2  
  43  6:59  Stalker  
  49  7:21  Probe  
  50  7:24  Stalker x3  
  56  8:11  Stalker x3  
  62  8:21  Nexus  
  62  8:37  Stalker  
  62  8:38  Stalker  
  66  8:55  Stalker  
  68  9:06  Probe  
  69  9:18  Probe  
Tags
 
Add a new tag
Caveats
  • Supply blocks, unpowered buildings, or Contaminate may cause inaccurate times.
  • Supply counts are checked every 10 seconds.